Map: Para Site LE

Players

Lambo - Winner!

  • Race: Zerg Zerg
  • League: Master
  • Spawn Location: 5:00

Cham

  • Race: Zerg Zerg
  • League: Grandmaster
  • Spawn Location: 11:00

VOD

Have the link to the VOD?

Description

Time

  • Played on: Dec. 20, 2018, 2:15 p.m.
  • Length: 6:28
Show
View Real Time Build Order
Export as new Build Order

Lambo Zerg - Winner!

Build Orders: Hatch First 

Get SALT Encoding   

  12  0:00  Drone  
  13  0:13  Overlord  
  13  0:16  Drone  
  14  0:32  Drone x2  
  16  0:47  Hatchery  
  15  0:51  Drone  
  15  0:55  Drone  
  17  0:59  Drone  
  18  1:08  Extractor  
  17  1:13  Spawning Pool  
  17  1:16  Drone  
  17  1:20  Drone  
  18  1:29  Drone  
  19  1:40  Drone  
  20  1:52  Overlord  
  20  1:59  Queen x2  
  20  2:00  Zergling x2  
  25  2:01  Zergling x2  
  26  2:09  Metabolic Boost  
  26  2:11  Drone  
  26  2:13  Drone  
  28  2:22  Drone  
  29  2:23  Drone  
  30  2:34  Hatchery  
  29  2:37  Drone  
  29  2:39  Zergling x2  
  31  2:47  Baneling Nest  
  31  2:48  Drone  
  31  2:52  Overlord  
  31  2:58  Drone  
  32  3:04  Drone  
  32  3:05  Drone x2  
  35  3:07  Drone  
  35  3:10  Evolution Chamber  
  35  3:11  Drone  
  36  3:13  Drone  
  36  3:16  Drone  
  38  3:21  Zergling x4  
  38  3:22  Drone  
  41  3:27  Overlord  
  41  3:30  Drone  
  41  3:38  Drone  
  41  3:40  Zerg Melee Weapons Level 1  
  42  3:43  Overlord  
  42  3:44  Queen  
  42  3:47  Baneling  
  44  3:51  Zergling x6  
  44  3:53  Overlord  
  47  3:55  Zergling x2  
  47  3:57  Baneling  
  47  3:59  Zergling x2  
  47  4:02  Baneling  
  49  4:03  Zergling x6  
  49  4:06  Zergling x2  
  53  4:11  Overlord  
  53  4:13  Zergling x2  
  53  4:14  Zergling x2  
  53  4:16  Baneling  
  55  4:18  Overlord  
  55  4:20  Zergling x4  
  55  4:23  Baneling  
  57  4:25  Zergling x4  
  57  4:26  Zergling x2  
  57  4:29  Zergling x4  
  62  4:33  Baneling  
  61  4:39  Zergling x2  
  61  4:40  Zergling x6  
  61  4:45  Baneling  
  64  4:46  Zergling x10  
  69  4:53  Zergling x8  
  69  4:58  Zergling x2  
  69  4:59  Zergling x4  
  76  5:00  Baneling  
  76  5:01  Baneling  
  76  5:05  Zergling x4  
  78  5:08  Overlord  
  78  5:14  Zergling x4  
  76  5:17  Zergling x2  
  76  5:23  Zergling x4  
  70  5:31  Zergling x2  
  70  5:33  Zergling x4  
  64  5:39  Zergling x18  
  64  5:45  Zergling x6  
  64  5:46  Roach Warren  
  64  5:54  Zergling x2  
  64  5:58  Zergling x4  
  66  6:06  Zergling x4  
Show
View Real Time Build Order
Export as new Build Order

Cham Zerg 

Build Orders: Hatch First 

Get SALT Encoding   

  12  0:01  Drone  
  13  0:10  Drone  
  14  0:18  Overlord  
  14  0:37  Drone x3  
  17  0:53  Hatchery  
  17  0:55  Drone  
  17  1:00  Drone  
  18  1:04  Extractor  
  17  1:14  Spawning Pool  
  17  1:17  Drone  
  17  1:21  Drone  
  18  1:31  Drone  
  19  1:42  Drone  
  20  1:52  Overlord  
  20  1:57  Evolution Chamber  
  19  2:01  Queen  
  19  2:04  Queen  
  19  2:05  Drone  
  19  2:06  Zergling x2  
  25  2:14  Zergling x2  
  26  2:16  Drone  
  27  2:25  Drone  
  27  2:26  Zerg Ground Armor Level 1  
  27  2:28  Drone  
  29  2:38  Queen  
  29  2:40  Drone  
  32  2:46  Overlord  
  32  2:48  Drone  
  33  2:55  Queen  
  35  3:03  Overlord  
  35  3:05  Metabolic Boost  
  35  3:15  Drone x4  
  39  3:21  Overlord  
  39  3:22  Drone  
  39  3:26  Drone  
  39  3:27  Drone  
  42  3:38  Overlord  
  42  3:39  Drone  
  42  3:45  Drone x4  
  42  3:47  Zergling x4  
  48  3:50  Zergling x4  
  50  3:57  Zergling x4  
  52  4:07  Hatchery  
  51  4:12  Roach Warren  
  50  4:17  Drone x4  
  50  4:22  Extractor x2  
  50  4:24  Zerg Missile Weapons Level 1  
  52  4:27  Lair  
  52  4:29  Drone  
  53  4:33  Zergling x4  
  53  4:37  Drone  
  53  4:38  Drone x2  
  58  4:39  Drone  
  58  4:44  Overlord, Drone  
  59  4:52  Zergling x2  
  60  4:53  Zergling x6  
  60  4:58  Roach x2  
  67  5:01  Overlord  
  67  5:06  Roach  
  68  5:07  Roach  
  64  5:14  Roach  
  64  5:15  Roach x2  
  64  5:17  Roach  
  64  5:18  Roach  
  64  5:20  Roach  
  75  5:22  Roach  
  75  5:25  Roach  
  76  5:30  Roach  
  76  5:32  Roach  
  48  5:50  Zergling x2  
  48  5:53  Ravager  
  48  5:55  Zergling x4  
  49  6:07  Drone x4  
  49  6:10  Drone  
  51  6:16  Drone  
Tags
 
Add a new tag
Caveats
  • Supply blocks, unpowered buildings, or Contaminate may cause inaccurate times.
  • Supply counts are checked every 10 seconds.